 Dungeon Crawl Stone Soup version 0.28-a0-8-g6e044cfa68 (webtiles) character file.

Game seed: 17152630646842617191

76762 Armakuni the Zephyrmancer (level 15, 0/113 HPs)
             Began as a Black Draconian Conjurer on July 17, 2021.
             Was the Champion of Makhleb.
             Killed from afar by a fire giant (27 damage)
             ... with a bolt of fire
             ... on level 13 of the Dungeon on July 23, 2021.
             The game lasted 01:30:48 (26555 turns).

Armakuni the Zephyrmancer (DrCj)                   Turns: 26555, Time: 01:30:48

Health: 0/113      AC: 18    Str:  9    XL:     15   Next: 13%
Magic:  31/31      EV: 14    Int: 24    God:    Makhleb [******]
Gold:   675        SH:  7    Dex: 14    Spells: 4/38 levels left

rFire   . . .      SeeInvis .   a - staff of conjuration
rCold   + . .      Faith    .   J - +2 buckler {AC+3}
rNeg    . . .      Spirit   .   (armour unavailable)
rPois   .          Reflect  .   z - +1 hat
rElec   +          Harm     .   t - +1 cloak of Qyit {rElec rC+ Slay+2}
rCorr   .          Rampage  .   A - +2 pair of gloves {Dex+3}
Will    ++...                   (no boots)
Stlth   +++.......              R - amulet of magic regeneration
HPRegen 0.28/turn               W - ring of wizardry
MPRegen 0.47/turn               M - ring of willpower

@: flying, studying Translocations
A: breathe lightning, AC +9, unfitting armour, big wings, electricity
resistance, cold-blooded
a: Breathe Lightning, Renounce Religion, Minor Destruction, Lesser Servant of
Makhleb, Major Destruction, Greater Servant of Makhleb


You were on level 13 of the Dungeon.
You worshipped Makhleb.
Makhleb was exalted by your worship.
You visited 4 branches of the dungeon, and saw 24 of its levels.
You also visited: Sewer and Gauntlet.

You collected 3003 gold pieces.
You spent 2328 gold pieces at shops.

Inventory:

Missiles
 d - 14 curare-tipped darts
 u - 2 throwing nets
 P - 9 boomerangs of dispersal
Armour
 t - the +1 cloak of Qyit (worn) {rElec rC+ Slay+2}
   (You found it in a Gauntlet)

   Slay:      It affects your accuracy & damage with ranged weapons and melee
   (+2).
   rC:        It protects you from cold.
   rElec:     It insulates you from electricity.
 z - a +1 hat (worn)
 A - a +2 pair of gloves of dexterity (worn)
 J - a +2 buckler of protection (worn)
Magical Staves
 a - a staff of conjuration (weapon)
 b - a staff of cold
Jewellery
 F - a ring of protection from fire
 M - a ring of willpower (right hand)
 R - an amulet of magic regeneration (around neck)
 W - a ring of wizardry (left hand)
Wands
 o - a wand of digging (13)
 p - a wand of paralysis (9)
 r - a wand of polymorph (24)
 s - a wand of acid (30)
 w - a wand of flame (57)
 G - a wand of charming (7)
Scrolls
 h - a scroll of summoning
 i - 2 scrolls of immolation
 k - 10 scrolls of teleportation
 v - 4 scrolls of noise
 y - 3 scrolls of blinking
 D - 2 scrolls of vulnerability
 I - a scroll of fog
 L - a scroll of enchant armour
 N - 3 scrolls of fear
 O - 4 scrolls of amnesia
 Q - a scroll of silence
 S - a scroll of identify
Potions
 e - 5 potions of lignification
 f - 5 potions of haste
 g - 2 potions of attraction
 j - 7 potions of curing
 l - 3 potions of magic
 n - 9 potions of heal wounds
 q - 3 potions of brilliance
 x - 4 potions of invisibility
 B - 4 potions of might
 C - a potion of resistance
 E - a potion of ambrosia
 H - a potion of mutation
 K - 3 potions of cancellation
Miscellaneous
 c - a tin of tremorstones (2/2)
 m - a phantom mirror


   Skills:
 - Level 5.0 Fighting
 - Level 5.0 Staves
 - Level 5.0 Dodging
 - Level 5.0 Stealth
 - Level 4.0 Shields
 - Level 12.0 Spellcasting
 - Level 11.4 Conjurations
 - Level 10.0 Necromancy
 - Level 10.0 Translocations
 - Level 6.0 Ice Magic
 + Level 12.9 Air Magic
 - Level 5.0 Invocations
 - Level 5.0 Evocations


You had 4 spell levels left.
You knew the following spells:

 Your Spells              Type           Power      Damage    Failure   Level
a - Airstrike             Air            33%        N/A       1%          4
c - Maxwell's Capacitive  Air            33%        ∞         45%         8
h - Swiftness             Air            67%        N/A       1%          3
j - Freezing Cloud        Conj/Ice/Air   38%        6-21      1%          5
m - Iskenderun's Mystic   Conj/Tloc      78%        2d16      1%          4
o - Ozocubu's Armour      Ice            43%        N/A       1%          3
s - Sublimation of Blood  Necr           29%        N/A       1%          2
v - Vampiric Draining     Necr           29%        2d10      1%          3
z - Searing Ray           Conj           100%       3d7       1%          2

Your spell library contained the following spells:

 Spells                   Type           Power      Damage    Failure   Level
 Animate Skeleton         Necr           100%       N/A       1%          1
 Beastly Appendage        Tmut           28%        N/A       1%          1
 Magic Dart               Conj           100%       1d8       1%          1
 Pain                     Necr           100%       1d9       1%          1
 Shock                    Conj/Air       100%       1d9       1%          1
 Summon Small Mammal      Summ           56%        N/A       1%          1
 Ensorcelled Hibernation  Hex/Ice        56%        N/A       1%          2
 Poisonous Vapours        Pois/Air       90%        N/A       1%          2
 Static Discharge         Conj/Air       83%        N/A       1%          2
 Conjure Flame            Conj/Fire      58%        6-21      1%          3
 Dazzling Flash           Conj/Hex       100%       N/A       1%          3
 Mephitic Cloud           Conj/Pois/Air  69%        N/A       1%          3
 Portal Projectile        Hex/Tloc       76%        N/A       1%          3
 Fulminant Prism          Conj/Hex       29%        3d14      1%          4
 Sticky Flame             Conj/Fire      58%        2d7       1%          4
 Slow                     Hex            14%        N/A       2%          2
 Wereblood                Tmut           14%        N/A       2%          2
 Call Canine Familiar     Summ           14%        N/A       5%          3
 Confusing Touch          Hex            14%        N/A       5%          3
 Ignite Poison            Fire/Tmut/Pois 14%        N/A       5%          3
 Spider Form              Tmut/Pois      7%         N/A       5%          3
 Summon Guardian Golem    Hex/Summ       14%        N/A       5%          3
 Leda's Liquefaction      Hex/Erth       7%         N/A       16%         4
 Lightning Bolt           Conj/Air       41%        1d60      1%          5
 Silence                  Hex/Air        22%        N/A       3%          5
 Simulacrum               Ice/Necr       25%        N/A       10%         6
 Bolt of Magma            Conj/Fire/Erth 24%        4d12      11%         5
 Orb of Destruction       Conj           40%        9d14      13%         7
 Metabolic Englaciation   Hex/Ice        14%        N/A       14%         5
 Starburst                Conj/Fire      29%        8x6d9     26%         6
 Alistair's Intoxication  Tmut/Pois      9%         N/A       41%         5
 Storm Form               Tmut/Air       22%        N/A       67%         7
 Ozocubu's Refrigeration  Ice            21%        4d9       73%         7
 Spellforged Servitor     Conj/Summ      29%        N/A       77%         7
 Shadow Creatures         Summ           N/A        N/A       92%         6
 Statue Form              Tmut/Erth      9%         N/A       92%         6
 Monstrous Menagerie      Summ           7%         N/A       100%        7
 Summon Hydra             Summ           7%         N/A       100%        7
 Death's Door             Necr           29%        N/A       100%        9


Dungeon Overview and Level Annotations

Branches:
Dungeon (15/15)            Temple (1/1) D:6            Lair (6/6) D:11
 Shoals (0/4) Lair:2       Spider (0/4) Lair:2        Slime (0/5) Lair:6
    Orc (2/2) D:12            Elf (0/3) Orc:2         Sewer (visited)
Gauntlet (visited)
 Vaults: D:13-14     Depths: D:15

Altars:
Ashenzari
Cheibriados
Dithmenos
Elyvilon
Fedhas
Gozag
Hepliaklqana
Kikubaaqudgha
Makhleb
Nemelex Xobeh
Okawaru
Qazlal
Ru
Sif Muna
Trog
Uskayaw
Vehumet
Wu Jian
Xom
Yredelemnul
Zin
The Shining One
Beogh

Shops:
D:7 :   D:9 ?[[   D:10 (   D:14 *   Orc:1 ??*   Orc:2 *:*(


Innate Abilities, Weirdness & Mutations

You can breathe wild blasts of lightning.
Your glossy black scales are hard. (AC +9)
You cannot fit into any form of body armour.
Your large and strong wings let you fly.
You are resistant to electric shocks. (rElec)
You are cold-blooded and may be slowed by cold attacks.


Message History

The fire giant is moderately wounded.
The fire giant is engulfed in freezing vapours.
The fire giant points at you and mumbles some strange words.
The bolt of fire hits you.
You barely miss the fire giant.
The fire giant is heavily wounded.
The fire giant is engulfed in freezing vapours.
The fire giant hits you with a +0 great sword of flaming!
The fire giant burns you.
You hit the fire giant.
You blast the fire giant.
You tail-slap the fire giant.
The fire giant is heavily wounded.
The fire giant is engulfed in freezing vapours.
The fire giant misses you.
You hit the fire giant but do no damage.
You tail-slap the fire giant, but do no damage.
The fire giant is heavily wounded.
The fire giant is engulfed in freezing vapours.
The fire giant hits you with a +0 great sword of flaming.
The fire giant burns you.
You barely miss the fire giant.
The fire giant is severely wounded.
The fire giant is engulfed in freezing vapours.
The fire giant hits you but does no damage.
You hit the fire giant but do no damage.
You tail-slap the fire giant, but do no damage.
The fire giant is almost dead.
The fire giant is engulfed in freezing vapours.
The fire giant casts a spell at you.
The fireball explodes!
The fireball engulfs you!!!
* * * LOW HITPOINT WARNING * * *
You hear a sizzling sound! x2
The fireball engulfs the fire giant!
The fire giant resists.
You hear a sizzling sound!
You hit the fire giant but do no damage.
You blast the fire giant.
You tail-slap the fire giant, but do no damage.
The fire giant is almost dead.
The fire giant casts a spell at you. The bolt of fire hits you!!
You die...

##..,###...................#.#.#.
.+,.,............................
...,,#####......#####.#.#......#.
...,,......#..........#......###.
,****......#..........######.# #.
**,,,......##................# #.
*,,,,..##.......#............# ##
*,,**T.C#...#§§.#.(..........####
*,,*,.mC#...#.§C@......###......#
,,,,,,,,,...#§§....##'####..)....
,,*,,,,*,.#.............##......#
,,*,,,**,.#....#........'........
..###.....#..###........##......#
.........##..**#........##.......
......####...,,#........##.......
##...........,,#........##.[.....
.#####.....,,,,#.≈..........[.##.


You could see a fire giant.

Vanquished Creatures
  Gastronok (Lair:2)
  A war gargoyle (D:13)
  Azrael (D:13)
  Snorg (D:12)
  A boulder beetle (D:12)
  5 hydras
  A death knight (D:12)
  A catoblepas (Lair:3)
  3 centaur warriors
  A merfolk avatar (Lair:6)
  3 two-headed ogres
  6 orc high priests
  A deep troll earth mage (D:13)
  2 spriggans (D:12)
  Sonja (D:12)
  The ghost of qborf the Gouger, a novice FeBe of Trog (D:12)
  A sea snake (Lair:6)
  An orange crystal statue (Gauntlet)
  3 deep elf pyromancers
  3 orc knights
  4 oklob plants (Lair:2)
  An ugly thing (D:11)
  An orc sorcerer (Orc:2)
  5 cyclopes
  A black mamba (Lair:6)
  A manticore (Lair:6)
  13 cane toads
  13 elephants
  A guardian serpent (shapeshifter) (D:14)
  10 gargoyles
  2 kobold demonologists (D:11)
  3 rime drakes
  An unseen horror (D:10)
  9 komodo dragons
  A merfolk (D:12)
  A tengu conjurer (D:13)
  4 trolls
  3 slime creatures (D:12)
  5 polar bears
  3 meliai (D:13)
  3 hornets
  A dream sheep (shapeshifter) (D:13)
  8 blink frogs
  A wind drake (Lair:6)
  6 dream sheep (Lair:6)
  A snapping turtle (Lair:6)
  2 shadows (D:12)
  2 wraiths
  A vampire (D:12)
  4 fire elementals (D:13)
  5 wyverns
  61 yaks
  6 basilisks
  3 steam dragons (D:10)
  7 wargs
  12 water moccasins
  Duvessa (D:7)
  6 acid dragons
  3 hell hounds (D:13)
  A hornet zombie (D:8)
  A black bear (D:5)
  20 orc warriors
  5 ice beasts
  3 ogres
  2 necrophages
  30 wolves
  14 centaurs
  A phantom (D:5)
  4 kobold brigands
  9 bullfrogs
  2 gnoll sergeants
  5 scorpions
  Dowan (D:7)
  A troll zombie (D:12)
  A water moccasin skeleton (D:5)
  7 killer bees
  3 electric eels (Lair:3)
  2 howler monkeys
  A bullfrog zombie (D:6)
  A hound (D:6)
  A jelly (D:2)
  25 orc priests
  A bullfrog skeleton (D:6)
  Crazy Yiuf (D:6)
  26 orc wizards
  7 ogre zombies (D:12)
  A howler monkey zombie (D:8)
  5 adders
  13 gnolls
  3 howler monkey skeletons
  A white imp (D:7)
  2 worms
  2 dart slugs
  61 orcs
  14 ball pythons
  11 endoplasms
  6 giant cockroaches
  6 hobgoblins
  9 jackals
  A quokka (D:4)
  9 bats
  5 frilled lizards
  4 goblins
  A goblin skeleton (D:12)
  4 goblin zombies (D:12)
  3 hobgoblin zombies (D:12)
  31 kobolds
  2 orc skeletons (D:12)
  15 orc zombies (D:12)
  5 rats
  A butterfly (Lair:3)
643 creatures vanquished.

Vanquished Creatures (collateral kills)
  A boulder beetle (D:12)
  A salamander (shapeshifter) (Gauntlet)
2 creatures vanquished.

Vanquished Creatures (others)
  A swamp dragon (shapeshifter) (Gauntlet)
  A slime creature (D:9)
  A wolf (Lair:6)
  A bush (Lair:6)
  48 fungi
  73 plants
  5 withered plants (Gauntlet)
130 creatures vanquished.

Grand Total: 775 creatures vanquished

Notes
Turn   | Place    | Note
-------+----------+-------------------------------------------
     0 | D:1      | Armakuni the Draconian Conjurer began the quest for the
                  | Orb.
     0 | D:1      | Reached XP level 1. HP: 14/14 MP: 3/3
   270 | D:1      | Found a faded altar of an unknown god.
   408 | D:1      | Reached XP level 2. HP: 20/20 MP: 0/5
  1289 | D:2      | Learned a level 2 spell: Searing Ray
  1465 | D:2      | Reached XP level 3. HP: 23/26 MP: 4/7
  1705 | D:2      | Reached XP level 4. HP: 33/33 MP: 3/8
  1784 | D:2      | Reached skill level 5 in Conjurations
  2190 | D:3      | Reached XP level 5. HP: 38/38 MP: 3/10
  2635 | D:3      | Learned a level 4 spell: Iskenderun's Mystic Blast
  2639 | D:3      | Learned a level 3 spell: Mephitic Cloud
  3112 | D:5      | Entered Level 5 of the Dungeon
  3208 | D:5      | Noticed a phantom
  3217 | D:5      | Killed a phantom
  3218 | D:5      | Reached XP level 6. HP: 34/45 MP: 5/12
  3483 | D:5      | Found a glowing drain.
  3494 | Sewer    | Entered a sewer
  4083 | D:5      | Reached skill level 5 in Spellcasting
  4424 | D:5      | Your scales start taking on a glossy black colour.
  4424 | D:5      | Reached XP level 7. HP: 50/50 MP: 10/14
  4424 | D:5      | Gained mutation: You are resistant to electric shocks.
                  | (rElec) [Black Draconian growth]
  4427 | D:5      | Learned a level 2 spell: Poisonous Vapours
  4922 | D:4      | Got the Volume of Venom and Black Rituals
  5510 | D:6      | Reached XP level 8. HP: 46/57 MP: 11/17
  5766 | D:6      | Found a runed translucent door.
  5767 | D:6      | Noticed Crazy Yiuf
  5959 | D:6      | Found a staircase to the Ecumenical Temple.
  5973 | Temple   | Entered the Ecumenical Temple
  6186 | Temple   | Became a worshipper of Makhleb the Destroyer
  6197 | D:6      | Identified a scroll of acquirement
  6197 | D:6      | Acquired a staff of conjuration
  6739 | D:6      | Killed Crazy Yiuf
  7368 | D:7      | Noticed Duvessa
  7369 | D:7      | Noticed Dowan
  7376 | D:7      | Killed Duvessa
  7385 | D:7      | Killed Dowan
  7386 | D:7      | Reached XP level 9. HP: 49/62 MP: 10/21
  7706 | D:7      | Found Mopso's Book Shoppe.
  8184 | D:8      | Learned a level 4 spell: Airstrike
  8188 | D:8      | Learned a level 3 spell: Swiftness
  8194 | D:8      | Learned a level 5 spell: Freezing Cloud
  8290 | D:8      | Reached skill level 10 in Conjurations
  8565 | D:8      | Reached skill level 1 in Air Magic
  9104 | D:9      | Reached * piety under Makhleb
  9123 | D:9      | Noticed a two-headed ogre
  9155 | D:9      | Killed a two-headed ogre
  9156 | D:9      | Reached skill level 5 in Air Magic
  9156 | D:9      | Reached XP level 10. HP: 33/69 MP: 15/23
  9333 | D:9      | Found Wunk's Magic Scroll Boutique.
  9408 | D:9      | Found Koduo's Armour Shop.
  9491 | D:9      | Reached skill level 10 in Spellcasting
  9613 | D:9      | Found Ettuu's Armour Emporium.
  9919 | D:9      | Learned a level 2 spell: Sublimation of Blood
  9955 | D:9      | Reached ** piety under Makhleb
 10082 | D:10     | Entered Level 10 of the Dungeon
 10350 | D:10     | Reached skill level 10 in Air Magic
 10350 | D:10     | Reached skill level 1 in Necromancy
 10354 | D:10     | Reached skill level 1 in Ice Magic
 10479 | D:10     | Found a stormy altar of Qazlal.
 10510 | D:10     | Noticed a two-headed ogre
 10518 | D:10     | Killed a two-headed ogre
 10765 | D:10     | Reached XP level 11. HP: 74/74 MP: 17/25
 10822 | D:10     | Found Ikawod's Antique Weapon Boutique.
 10830 | D:10     | Bought a steaming long sword for 263 gold pieces
 10830 | D:10     | Identified the +5 long sword "Rixukhloo" {vorpal, Int+2}
                  | (You bought it in a shop on level 10 of the Dungeon)
 11624 | D:11     | Found a gate leading to a gauntlet.
 11639 | D:11     | Noticed a white ugly thing
 11640 | Gauntlet | Entered a Gauntlet
 11640 | Gauntlet | Found a transporter.
 11662 | Gauntlet | Found a transporter.
 11677 | Gauntlet | Found a transporter.
 11682 | Gauntlet | Found a transporter.
 11699 | Gauntlet | Found a transporter.
 11712 | Gauntlet | Noticed a necromancer
 11715 | Gauntlet | Noticed a death yak
 11716 | Gauntlet | Found a transporter.
 11717 | Gauntlet | Noticed a death yak
 11718 | Gauntlet | Noticed a death yak
 11728 | Gauntlet | Found a transporter.
 11728 | Gauntlet | Noticed a catoblepas
 11736 | Gauntlet | Noticed a fire crab
 11740 | Gauntlet | Found a transporter.
 11748 | Gauntlet | Noticed a blizzard demon
 11752 | Gauntlet | Found a transporter.
 11764 | Gauntlet | Found a transporter.
 11764 | Gauntlet | Noticed an orange crystal statue
 11783 | Gauntlet | Found a transporter.
 11798 | Gauntlet | Found a transporter.
 11800 | Gauntlet | Found a transporter.
 11814 | Gauntlet | Noticed a shock serpent
 11814 | Gauntlet | a manticore changed into a shock serpent
 11829 | Gauntlet | Noticed a catoblepas
 11847 | Gauntlet | Found a transporter.
 11879 | Gauntlet | Found a transporter.
 11883 | Gauntlet | Found a transporter.
 11883 | Gauntlet | Found a transporter.
 11920 | Gauntlet | a shock serpent changed into a moth of wrath
 11944 | Gauntlet | Noticed a swamp dragon
 11944 | Gauntlet | a water nymph changed into a swamp dragon
 11977 | Gauntlet | Noticed a glowing orange brain
 11977 | Gauntlet | a swamp dragon changed into a glowing orange brain
 11979 | Gauntlet | Found a transporter.
 12005 | Gauntlet | Noticed a swamp dragon
 12005 | Gauntlet | a swamp worm changed into a swamp dragon
 12031 | Gauntlet | Killed a salamander
 12139 | Gauntlet | Killed an orange crystal statue
 12142 | Gauntlet | Identified the +1 cloak of Qyit {rElec rC+ Slay+2}
 12170 | Gauntlet | Identified the +4 scale mail of Esetur {Int+2}
 12170 | Gauntlet | Noticed a minotaur
 12280 | D:11     | Killed a white ugly thing
 12281 | D:11     | Reached skill level 5 in Necromancy
 12281 | D:11     | Reached skill level 5 in Ice Magic
 12295 | D:11     | Identified the ring of Ysux {rElec rF- rN+++ Int+6 Slay-5}
 12311 | D:11     | Found a staircase to the Lair.
 12404 | D:11     | Reached *** piety under Makhleb
 12585 | D:11     | Identified the +2 robe of the Pink Corner {Str-3 Dex+4
                  | SInv}
 12994 | Lair:1   | Entered Level 1 of the Lair of Beasts
 13011 | Lair:1   | Upgraded the game from 0.27-a0-1579-g97d2440184 to
                  | 0.27-a0-1590-g15f69828bf
 13015 | Lair:1   | Learned a level 3 spell: Vampiric Draining
 14115 | Lair:2   | Found a hole to the Spider Nest.
 14125 | Lair:2   | Reached XP level 12. HP: 75/81 MP: 14/26
 14131 | Lair:2   | Reached **** piety under Makhleb
 14208 | Lair:2   | Found a staircase to the Shoals.
 14461 | Lair:2   | Reached skill level 10 in Necromancy
 14590 | Lair:2   | Reached skill level 1 in Invocations
 15797 | Lair:2   | Noticed Gastronok
 15804 | Lair:2   | Killed Gastronok
 15805 | Lair:2   | Reached skill level 5 in Invocations
 16320 | Lair:3   | Reached skill level 5 in Evocations
 16322 | Lair:3   | Reached skill level 1 in Fighting
 16322 | Lair:3   | Reached skill level 1 in Staves
 16352 | Lair:3   | Noticed a four-headed hydra
 16361 | Lair:3   | Learned a level 3 spell: Ozocubu's Armour
 16369 | Lair:3   | Killed a four-headed hydra
 16584 | Lair:3   | Noticed a five-headed hydra
 16591 | Lair:3   | Killed a five-headed hydra
 16983 | Lair:3   | Noticed a catoblepas
 16991 | Lair:3   | Killed a catoblepas
 17316 | Lair:4   | Reached skill level 5 in Fighting
 17472 | Lair:4   | Reached skill level 5 in Staves
 17479 | Lair:4   | Reached XP level 13. HP: 90/100 MP: 21/27
 17494 | Lair:4   | Reached ***** piety under Makhleb
 18551 | Lair:5   | Reached skill level 5 in Dodging
 18923 | Lair:5   | Reached skill level 5 in Stealth
 18923 | Lair:5   | Reached skill level 1 in Translocations
 19413 | Lair:6   | Entered Level 6 of the Lair of Beasts
 19649 | Lair:6   | Found a staircase to the Slime Pits.
 20292 | Lair:6   | Gained mutation: Your large and strong wings let you fly.
                  | [Black Draconian growth]
 20292 | Lair:6   | Reached XP level 14. HP: 107/107 MP: 15/29
 20751 | Lair:6   | Reached skill level 5 in Translocations
 20914 | Lair:6   | Identified the +2 cloak of Wonder {rF+}
 21073 | Lair:6   | Identified the +4 trident "Yfiruitach" {protect, Drain
                  | rC++}
 21155 | Lair:6   | Identified the +5 ring mail of Gozag's Outrage {Contam
                  | rPois rF- Int+8}
 21472 | D:12     | Found a staircase to the Orcish Mines.
 21488 | D:12     | Reached skill level 1 in Shields
 21498 | D:12     | Reached ****** piety under Makhleb
 21817 | D:12     | Noticed Sonja
 21818 | D:12     | Noticed Snorg
 21833 | D:12     | Acquired 728 gold pieces
 22165 | D:12     | Killed Snorg
 22310 | D:12     | Found a runed translucent door.
 22310 | D:12     | Noticed qborf's ghost (novice FeBe)
 22312 | D:12     | Identified the +10 spear of Skirmishing {flame, Drain +Rage
                  | rF+++ rN+}
 22355 | D:12     | Killed Sonja
 22737 | D:12     | Killed qborf's ghost
 22921 | Orc:1    | Entered Level 1 of the Orcish Mines
 22981 | Orc:1    | Found Ocwekhlorud's Magic Scroll Emporium.
 23019 | Orc:1    | Bought a scroll of amnesia for 38 gold pieces
 23019 | Orc:1    | Bought a scroll of amnesia for 38 gold pieces
 23019 | Orc:1    | Bought a scroll of identify for 22 gold pieces
 23019 | Orc:1    | Bought a scroll of identify for 22 gold pieces
 23056 | Orc:1    | Found Yceur's Magic Scroll Shoppe.
 23064 | Orc:1    | Bought a scroll of immolation for 52 gold pieces
 23064 | Orc:1    | Bought a scroll of magic mapping for 52 gold pieces
 23064 | Orc:1    | Bought a scroll of fear for 52 gold pieces
 23243 | Orc:1    | Reached skill level 10 in Translocations
 23381 | Orc:1    | Found Bugimuag's Assorted Antiques.
 23391 | Orc:1    | Bought a scroll labelled WOOCLE YSUJ for 27 gold pieces
 23455 | Orc:2    | Entered Level 2 of the Orcish Mines
 23881 | Orc:2    | Found a staircase to the Elven Halls.
 24365 | Orc:2    | Found Vookal's General Store.
 24371 | Orc:2    | Found Pammih's Antique Weapon Shop.
 24372 | Orc:2    | Found Veguawe's Book Boutique.
 24408 | Orc:2    | Found Miofrog's Assorted Antiques.
 24476 | Orc:2    | Bought a potion of heal wounds for 80 gold pieces
 24479 | Orc:2    | Bought a potion of heal wounds for 165 gold pieces
 24479 | Orc:2    | Bought a potion of curing for 99 gold pieces
 24479 | Orc:2    | Bought a scroll of amnesia for 115 gold pieces
 24480 | Orc:2    | Bought a book of Lightning for 432 gold pieces
 24490 | Orc:2    | Learned a level 8 spell: Maxwell's Capacitive Coupling
 24491 | Orc:2    | Bought the Papyrus of Feathery Creation for 528 gold pieces
 24763 | Orc:1    | Bought a scroll of blinking for 82 gold pieces
 24861 | D:13     | Noticed a war gargoyle
 24876 | D:13     | Killed a war gargoyle
 25049 | D:13     | Upgraded the game from 0.27-a0-1590-g15f69828bf to
                  | 0.28-a0-8-g6e044cfa68
 25283 | D:13     | You are sucked into a shaft and drop 2 floors!
 25283 | D:15     | Entered Level 15 of the Dungeon
 25481 | D:14     | Found Byorur's Assorted Antiques.
 25502 | D:14     | Bought a scroll labelled COTACA XIDGHUTT for 29 gold pieces
 25502 | D:14     | Bought a shimmering iron amulet for 145 gold pieces
 25502 | D:14     | Identified the amulet "Eppum" {Spirit Harm rF+} (You bought
                  | it in a shop on level 14 of the Dungeon)
 25506 | D:14     | Bought a potion of curing for 87 gold pieces
 25579 | D:13     | Reached XP level 15. HP: 87/113 MP: 29/31
 25959 | D:13     | Noticed Azrael
 26038 | D:13     | Killed Azrael
 26261 | D:13     | Noticed a fire giant
 26555 | D:13     | Killed from afar by a fire giant

Illustrated notes

Levels and vault maps discovered:
D:1:      tarquinn_simple_flora_water_f, layout_loops_corners,
          ebering_ecumenical_altar_rust, minmay_misc_feat_nine_boxes,
          fountainhead
D:2:      layout_rooms
D:3:      layout_loops_corners, small_statue_intersection
D:4:      cheibrodos_barr_body, layout_gridville
D:5:      layout_basic, cheibrodos_sewer_entry_sluice
D:6:      layout_loops_ring, minmay_temple_entry_statues_pillars,
          minmay_between, uniq_crazy_yiuf_cottage
D:7:      layout_layer_cave, serial_shops, shop, uniq_duvessa
D:8:      layout_basic
D:9:      layout_rooms, serial_shops, shop_statue, nicolae_diamond_shop,
          nicolae_take_the_stairs, st_stairs_9
D:10:     cheibrodos_steamvent, layout_loops_corners, grunt_qazlal_clouds,
          serial_shops, nicolae_shop_trees
D:11:     layout_cave_pools, erik_lair_orcish_takeover, gauntlet_entry_generic
D:12:     layout_rooms, zombieorc2_lemuel, ebering_ghost_funeral_grove,
          hangedman_fish_farm, uniq_sonja, uniq_snorg
D:13:     gargoyle_guard, layout_basic, portal_ice_cave_rime, minmay_radiant,
          uniq_azrael
D:14:     layout_cave_pools, grunt_vaults_entry_fortified, serial_shops,
          nicolae_shop_stone
D:15:     grunt_enter_depths_giant_problem, layout_long_grid, st_stairs_1
Temple:   compressed_dpeg_triangle_lava_temple
Lair:1:   layout_regular_city
Lair:2:   layout_cave_pods, elwin_shoals_entry_rocks,
          nicolae_spider_entry_non_spiders, minmay_lair_oklob_chamber,
          uniq_gastronok
Lair:3:   layout_gridlike, grunt_megastairs_3, lemuel_fruit_fields,
          infiniplex_staircase_pool_2, serial_bayou_shore_a
Lair:4:   layout_regular_city, grunt_megastairs_5, lemuel_fruit_fields
Lair:5:   layout_small_grid
Lair:6:   gammafunk_lair_ancient_temple, layout_regular_city,
          nicolae_slime_entry_slimehenge
Orc:1:    layout_diamond_mine, serial_shops,
          nicolae_shop_temple_entry_statues_fountains,
          nicolae_shop_behind_doors, shop_statue
Orc:2:    st_orc_mages, layout_diamond_mine, hangedman_feature_mirror,
          mines2_david

Skill      XL: |  1  2  3  4  5  6  7  8  9 10 11 12 13 14 |
---------------+-------------------------------------------+-----
Spellcasting   | 3 4 5 6 8 9 10 11 12 | 12.0
Conjurations   | 5 6 7 9 10 11 | 11.4
Air Magic      | 5 10 12 | 12.9
Necromancy     | 3 9 10 | 10.0
Ice Magic      | 3 6 |  6.0
Invocations    | 5 |  5.0
Evocations     | 5 |  5.0
Fighting       | 5 |  5.0
Staves         | 5 |  5.0
Dodging        | 2 5 |  5.0
Stealth        | 5 |  5.0
Translocations | 4 10 | 10.0
Shields        | 4 |  4.0

Action                   |  1- 3 |  4- 6 |  7- 9 | 10-12 | 13-15 || total
-------------------------+-------+-------+-------+-------+-------++-------
Melee: Mace              |     8 |       |       |       |       ||     8
       Tailslap          |     1 |     2 |       |     3 |    23 ||    29
       Dagger            |       |     9 |     7 |       |       ||    16
       Staff             |       |       |     2 |    12 |   154 ||   168
       Long sword        |       |       |       |    14 |       ||    14
 Cast: Magic Dart        |    39 |       |       |       |       ||    39
       Searing Ray       |    10 |    47 |    60 |    89 |    66 ||   272
       Poisonous Vapours |       |       |    14 |     4 |       ||    18
       Iskenderun's Myst |       |       |     4 |     8 |    53 ||    65
       Swiftness         |       |       |     1 |     2 |       ||     3
       Airstrike         |       |       |       |    12 |    21 ||    33
       Freezing Cloud    |       |       |       |    59 |   108 ||   167
       Sublimation of Bl |       |       |       |    16 |    72 ||    88
       Vampiric Draining |       |       |       |     9 |    76 ||    85
Invok: Lesser Servant of |       |       |       |       |     2 ||     2
 Abil: Breathe Lightning |       |       |       |       |     1 ||     1
Evoke: Wand              |       |       |    11 |    18 |     3 ||    32
       Phantom mirror    |       |       |       |     1 |       ||     1
  Use: Scroll            |       |     7 |     5 |    15 |    14 ||    41
       Potion            |       |       |       |     4 |       ||     4
Armor: Skin              |     3 |    11 |    18 |    61 |   131 ||   224
Dodge: Dodged            |     6 |    19 |    37 |    86 |   251 ||   399
Block: Buckler           |       |       |       |       |    69 ||    69
       Rpst.: Long sword |       |       |       |    10 |       ||    10

Table legend: (Time is in decaauts)
 A = Elapsed time spent in this place.
 B = Non-inter-level travel time spent in this place.
 C = Inter-level travel time spent in this place.
 D = Time resting spent in this place.
 E = Time spent auto-exploring this place.
 F = Levels seen in this place.
 G = Mean time per level.
                   A        B        C        D        E       F      G
               +--------+--------+--------+--------+--------+-----+--------+
         Total |  26783 |  26038 |    745 |   4945 |  16568 |  26 | 1030.1 |
       Dungeon |  14937 |  14502 |    435 |   2584 |   9628 |  15 |  995.8 |
        Temple |    218 |    214 |      4 |      0 |    191 |   1 |  218.0 |
          Lair |   8498 |   8235 |    263 |   1673 |   5045 |   6 | 1416.3 |
  Orcish Mines |   1854 |   1812 |     42 |    498 |    879 |   2 |  927.0 |
         Sewer |    724 |    724 |      0 |     14 |    593 |   1 |  724.0 |
      Gauntlet |    550 |    550 |      0 |    176 |    231 |   1 |  550.0 |
               +--------+--------+--------+--------+--------+-----+--------+

Top non-repeatable levels by time:
  Lair:2: 2195 daAuts
  Lair:6: 1865 daAuts
    D:12: 1618 daAuts
    D:10: 1561 daAuts
  Lair:5: 1421 daAuts
    D:13: 1362 daAuts
     D:6: 1316 daAuts
     D:7: 1314 daAuts
     D:1: 1165 daAuts
  Lair:1: 1099 daAuts
  Lair:3: 1077 daAuts
   Orc:2: 1074 daAuts
     D:9: 1015 daAuts
     D:5: 1003 daAuts
     D:3: 967 daAuts
